TOP OF THE 1ST |
Little Rock Lemmiwinks batting - Pitching for Cincinnati Pride : RHP Lyle Scalise
|
Pitching: RHP Lyle Scalise
|
|
Batting: RHB Álex Martínez
|
0-0: Called Strike 0-1: Foul Ball, location: 2F 0-2: Ball 1-2: Strikes out looking
|
Batting: LHB Manny Robles
|
0-0: Ball 1-0: Called Strike 1-1: Ball 2-1: Swinging Strike 2-2: Strikes out looking
|
Batting: RHB Kokaji Ridha
|
0-0: Ball 1-0: Ball 2-0: DOUBLE (Groundball, 5L)
|
Batting: RHB Roberto Valdéz
|
0-0: Foul Ball, location: 2F 0-1: Called Strike 0-2: Ball 1-2: Foul Ball, location: 2F 1-2: Strikes out swinging
|
Top of the 1st over - 0 runs, 1 hit, 0 errors, 1 left on base; Little Rock 0 - Cincinnati 0 |
BOTTOM OF THE 1ST |
Cincinnati Pride batting - Pitching for Little Rock Lemmiwinks : RHP Greg Yager
|
Pitching: RHP Greg Yager
|
|
Batting: LHB Rubén Eirado
|
0-0: Called Strike 0-1: Ground out 6-3 (Groundball, 6)
|
Batting: RHB Noah Sturges
|
0-0: Ball 1-0: Ball 2-0: SINGLE (Groundball, 34D)
|
Batting: LHB Pablo Garza
|
0-0: Ball 1-0: Ball 2-0: DOUBLE (Line Drive, 9LM) Noah Sturges to third Runner from 3rd tries for Home, SAFE, no throw
|
Batting: LHB Kevin Hatcher
|
0-0: Ball 1-0: SINGLE (Groundball, 4MD) Pablo Garza to third Runner from 3rd tries for Home, SAFE, no throw
|
Batting: LHB Al Dooley
|
0-0: Ball 1-0: Ball 2-0: Called Strike 2-1: Foul Ball, location: 2F 2-2: Foul Ball, location: 2F 2-2: Hit by Pitch Kevin Hatcher to second
|
Batting: RHB Travis Jackson
|
0-0: Ball Kevin Hatcher steals 3rd base 1-0: Ball 2-0: Ball 3-0: Called Strike 3-1: Fly out, F7 (Flyball, 7D) Runner from 3rd tags up, SCORES, no throw
|
Batting: RHB Owen Grant
|
0-0: Called Strike 0-1: Ball 1-1: Ball 2-1: Ball 3-1: Foul Ball, location: 2F 3-2: Fly out, F8 (Flyball, 8LM)
|
Bottom of the 1st over - 3 runs, 3 hits, 0 errors, 1 left on base; Little Rock 0 - Cincinnati 3 |
TOP OF THE 2ND |
Little Rock Lemmiwinks batting - Pitching for Cincinnati Pride : RHP Lyle Scalise
|
Batting: LHB Horace Kramer
|
0-0: Called Strike 0-1: Ball 1-1: Swinging Strike 1-2: Strikes out swinging
|
Batting: RHB Ánibal Soto
|
0-0: Swinging Strike 0-1: Foul Ball, location: 2F 0-2: Ball 1-2: Ball 2-2: Fly out, F7 (Line Drive, 7LM)
|
Batting: RHB Júlio Colón
|
0-0: SINGLE (Groundball, 6MD)
|
Batting: RHB José Rodríguez
|
0-0: Swinging Strike
|
|
|
|
0-1: Fly out, F4 (Popup, 4M)
|
Top of the 2nd over - 0 runs, 1 hit, 0 errors, 1 left on base; Little Rock 0 - Cincinnati 3 |
BOTTOM OF THE 2ND |
Cincinnati Pride batting - Pitching for Little Rock Lemmiwinks : RHP Greg Yager
|
Batting: LHB Gene Cherry
|
0-0: Ball 1-0: Ground out U3 (Groundball, 3)
|
Batting: RHB Ed Hines
|
0-0: SINGLE (Groundball, 4MD)
|
Batting: LHB Rubén Eirado
|
0-0: Swinging Strike 0-1: Ball 1-1: Grounds into double play, 4-6-3 (Groundball, 34)
|
Bottom of the 2nd over - 0 runs, 1 hit, 0 errors, 0 left on base; Little Rock 0 - Cincinnati 3 |
TOP OF THE 3RD |
Little Rock Lemmiwinks batting - Pitching for Cincinnati Pride : RHP Lyle Scalise
|
Batting: RHB Norberto Gallardo
|
0-0: Ball 1-0: Ball 2-0: Ground out 5-3 (Groundball, 56S)
|
Batting: RHB Álex Martínez
|
0-0: Called Strike 0-1: Ball 1-1: Called Strike 1-2: Foul Ball, location: 2F 1-2: Ball 2-2: Ball 3-2: Fly out, F8 (Flyball, 89D)
|
Batting: LHB Manny Robles
|
0-0: Called Strike 0-1: Ball 1-1: Swinging Strike 1-2: Ground out 6-3 (Groundball, 6M)
|
Top of the 3rd over - 0 runs, 0 hits, 0 errors, 0 left on base; Little Rock 0 - Cincinnati 3 |
BOTTOM OF THE 3RD |
Cincinnati Pride batting - Pitching for Little Rock Lemmiwinks : RHP Greg Yager
|
Batting: RHB Noah Sturges
|
0-0: Ball 1-0: Called Strike 1-1: Swinging Strike 1-2: Ball 2-2: Strikes out swinging
|
Batting: LHB Pablo Garza
|
0-0: Ball 1-0: Foul Ball, location: 2F 1-1: Ground out U3 (Groundball, 3L)
|
Batting: LHB Kevin Hatcher
|
0-0: Ball 1-0: Ball 2-0: Ball 3-0: Called Strike 3-1: Foul Ball, location: 2F 3-2: SINGLE (Groundball, 6MD)
|
Batting: LHB Al Dooley
|
0-0: Ball 1-0: Called Strike 1-1: Swinging Strike 1-2: Foul Ball, location: 2F 1-2: Ball 2-2: Strikes out swinging
|
Bottom of the 3rd over - 0 runs, 1 hit, 0 errors, 1 left on base; Little Rock 0 - Cincinnati 3 |
TOP OF THE 4TH |
Little Rock Lemmiwinks batting - Pitching for Cincinnati Pride : RHP Lyle Scalise
|
Batting: RHB Kokaji Ridha
|
0-0: Ball 1-0: Fly out, F9 (Flyball, 9S)
|
Batting: RHB Roberto Valdéz
|
0-0: Ground out 1-3 (Groundball, P)
|
Batting: LHB Horace Kramer
|
0-0: Ball 1-0: SOLO HOME RUN (Flyball, 9LD), Distance : 385 ft
|
Batting: RHB Ánibal Soto
|
0-0: Called Strike 0-1: Ground out 5-3 (Groundball, 5S)
|
Top of the 4th over - 1 run, 1 hit, 0 errors, 0 left on base; Little Rock 1 - Cincinnati 3 |
BOTTOM OF THE 4TH |
Cincinnati Pride batting - Pitching for Little Rock Lemmiwinks : RHP Greg Yager
|
Batting: RHB Travis Jackson
|
0-0: Ball 1-0: Foul Ball, location: 2F 1-1: Ball 2-1: Ball 3-1: Called Strike 3-2: Strikes out swinging
|
Batting: RHB Owen Grant
|
0-0: Ground out 4-3 (Groundball, 4)
|
Batting: LHB Gene Cherry
|
0-0: Called Strike 0-1: Ball 1-1: Ball 2-1: Ground out 5-3 (Groundball, 56)
|
Bottom of the 4th over - 0 runs, 0 hits, 0 errors, 0 left on base; Little Rock 1 - Cincinnati 3 |
TOP OF THE 5TH |
Little Rock Lemmiwinks batting - Pitching for Cincinnati Pride : RHP Lyle Scalise
|
Batting: RHB Júlio Colón
|
0-0: Ball 1-0: Ball 2-0: Called Strike 2-1: Ground out 6-3 (Groundball, 6)
|
Batting: RHB José Rodríguez
|
0-0: Called Strike 0-1: Called Strike 0-2: Strikes out swinging
|
Batting: RHB Norberto Gallardo
|
0-0: Ball 1-0: SINGLE (Line Drive, 8LS)
|
Batting: RHB Álex Martínez
|
0-0: Called Strike 0-1: Ball 1-1: Ball 2-1: Foul Ball, location: 2F 2-2: Strikes out swinging
|
Top of the 5th over - 0 runs, 1 hit, 0 errors, 1 left on base; Little Rock 1 - Cincinnati 3 |
BOTTOM OF THE 5TH |
Cincinnati Pride batting - Pitching for Little Rock Lemmiwinks : RHP Greg Yager
|
Batting: RHB Ed Hines
|
0-0: Ball 1-0: SOLO HOME RUN (Flyball, 8RXD), Distance : 444 ft
|
Batting: LHB Rubén Eirado
|
0-0: Ground out 4-3 (Groundball, 4)
|
Batting: RHB Noah Sturges
|
0-0: Ground out 3-1 (Groundball, 34S)
|
Batting: LHB Pablo Garza
|
0-0: Ball 1-0: Ball 2-0: Called Strike 2-1: Ball 3-1: Base on Balls
|
Batting: LHB Kevin Hatcher
|
0-0: Fielders Choice at 2nd, 6-4 (Groundball, 56)
|
Bottom of the 5th over - 1 run, 1 hit, 0 errors, 1 left on base; Little Rock 1 - Cincinnati 4 |
TOP OF THE 6TH |
Little Rock Lemmiwinks batting - Pitching for Cincinnati Pride : RHP Lyle Scalise
|
Batting: LHB Manny Robles
|
0-0: Fly out, F8 (Line Drive, 8LS)
|
Batting: RHB Kokaji Ridha
|
0-0: Ball 1-0: Swinging Strike 1-1: Ball 2-1: Called Strike 2-2: Ball 3-2: Foul Ball, location: 2F 3-2: Foul Ball, location: 2F 3-2: Fly out, F6 (Line Drive, 6)
|
Batting: RHB Roberto Valdéz
|
0-0: Ball 1-0: Fly out, F9 (Flyball, 89D)
|
Top of the 6th over - 0 runs, 0 hits, 0 errors, 0 left on base; Little Rock 1 - Cincinnati 4 |
BOTTOM OF THE 6TH |
Cincinnati Pride batting - Pitching for Little Rock Lemmiwinks : RHP Greg Yager
|
Batting: LHB Al Dooley
|
0-0: Foul Ball, location: 2F 0-1: Ball 1-1: Swinging Strike 1-2: Strikes out swinging
|
Batting: RHB Travis Jackson
|
0-0: Called Strike 0-1: Ball 1-1: Called Strike 1-2: Ball 2-2: Ground out 5-3 (Groundball, 56)
|
Batting: RHB Owen Grant
|
0-0: Foul Ball, location: 2F 0-1: Ground out 6-3 (Groundball, 6M)
|
Bottom of the 6th over - 0 runs, 0 hits, 0 errors, 0 left on base; Little Rock 1 - Cincinnati 4 |
TOP OF THE 7TH |
Little Rock Lemmiwinks batting - Pitching for Cincinnati Pride : RHP Lyle Scalise
|
Batting: LHB Horace Kramer
|
0-0: Foul Ball, location: 2F 0-1: Ball 1-1: Ball 2-1: Swinging Strike 2-2: Strikes out swinging
|
Batting: RHB Ánibal Soto
|
0-0: Called Strike 0-1: Called Strike 0-2: SINGLE (Groundball, 34D)
|
Batting: RHB Júlio Colón
|
0-0: Called Strike 0-1: Called Strike 0-2: Strikes out swinging
|
Batting: RHB José Rodríguez
|
0-0: Ball 1-0: Foul Ball, location: 2F 1-1: Ball 2-1: Ball 3-1: Base on Balls Ánibal Soto to second
|
Batting: RHB Norberto Gallardo
|
0-0: Ball 1-0: Ground out 1-3 (Groundball, 15S)
|
Top of the 7th over - 0 runs, 1 hit, 0 errors, 2 left on base; Little Rock 1 - Cincinnati 4 |
BOTTOM OF THE 7TH |
Cincinnati Pride batting - Pitching for Little Rock Lemmiwinks : RHP Greg Yager
|
Batting: LHB Gene Cherry
|
0-0: Called Strike 0-1: Ball 1-1: Swinging Strike 1-2: Strikes out swinging
|
Batting: RHB Ed Hines
|
0-0: Ball 1-0: Called Strike 1-1: Swinging Strike 1-2: Ball 2-2: Ground out 5-3 (Groundball, 5)
|
Batting: LHB Rubén Eirado
|
0-0: Ball 1-0: Foul Ball, location: 2F 1-1: Ball 2-1: Ground out 4-3 (Groundball, 4S)
|
Bottom of the 7th over - 0 runs, 0 hits, 0 errors, 0 left on base; Little Rock 1 - Cincinnati 4 |
TOP OF THE 8TH |
Little Rock Lemmiwinks batting - Pitching for Cincinnati Pride : RHP Lyle Scalise
|
Batting: RHB Álex Martínez
|
0-0: Ball 1-0: Called Strike 1-1: Ball 2-1: Foul Ball, location: 2F 2-2: Foul Ball, location: 2F 2-2: Foul Ball, location: 2F 2-2: Ball 3-2: Foul Ball, location: 2F 3-2: Foul Ball, location: 2F 3-2: Ground out 4-3 (Groundball, 4)
|
Batting: LHB Manny Robles
|
0-0: Ball 1-0: Swinging Strike 1-1: Ball 2-1: Foul Ball, location: 2F 2-2: Strikes out swinging
|
Batting: RHB Kokaji Ridha
|
0-0: Called Strike 0-1: Foul Ball, location: 2F 0-2: Ball 1-2: Reached on error, E4 (Groundball, 4)
|
Pitching: RHP Armando Rocha
|
|
Batting: RHB Roberto Valdéz
|
0-0: Ball 1-0: Called Strike 1-1: Foul Ball, location: 2F 1-2: Strikes out swinging
|
Top of the 8th over - 0 runs, 0 hits, 1 error, 1 left on base; Little Rock 1 - Cincinnati 4 |
BOTTOM OF THE 8TH |
Cincinnati Pride batting - Pitching for Little Rock Lemmiwinks : RHP Greg Yager
|
Batting: RHB Noah Sturges
|
0-0: Ball 1-0: Ball 2-0: Foul Ball, location: 2F 2-1: Foul Ball, location: 2F 2-2: Foul Ball, location: 2F 2-2: Ball 3-2: Strikes out looking
|
Batting: LHB Pablo Garza
|
0-0: Called Strike 0-1: Fly out, F6 (Popup, 6M)
|
Batting: LHB Kevin Hatcher
|
0-0: Foul Ball, location: 2F 0-1: Ball 1-1: Called Strike 1-2: Ground out 4-3 (Groundball, 4)
|
Bottom of the 8th over - 0 runs, 0 hits, 0 errors, 0 left on base; Little Rock 1 - Cincinnati 4 |
TOP OF THE 9TH |
Little Rock Lemmiwinks batting - Pitching for Cincinnati Pride : RHP Armando Rocha
|
Pitching: RHP Chet Miller
|
|
Batting: LHB Horace Kramer
|
0-0: Ball 1-0: Ball 2-0: Called Strike 2-1: Ball 3-1: Foul Ball, location: 2F 3-2: Foul Ball, location: 2F 3-2: Fly out, F8 (Flyball, 8RS)
|
Batting: RHB Ánibal Soto
|
0-0: Ball 1-0: Foul Ball, location: 2F 1-1: Called Strike 1-2: Fly out, F7 (Line Drive, 7LD)
|
Now in LF: Luis Manuel Medrano
|
|
Batting: RHB Júlio Colón
|
0-0: Ball 1-0: Called Strike 1-1: Ball 2-1: SOLO HOME RUN (Flyball, 7LD), Distance : 365 ft
|
Batting: RHB José Rodríguez
|
0-0: Called Strike 0-1: Ball 1-1: Swinging Strike 1-2: Ball 2-2: Ball 3-2: Strikes out swinging
|
Top of the 9th over - 1 run, 1 hit, 0 errors, 0 left on base; Little Rock 2 - Cincinnati 4 |
|
Saturday, April 7th, 2018 - OOTP Baseball 18.8 Build 76
|
|